 Dungeon Crawl Stone Soup version 0.28.0 (webtiles) character file.

Game seed: 10747768986970567988

24 reversiblehash the Skirmisher (level 2, -1/24 HPs)
             Began as a Demonspawn Fighter on Feb 15, 2022.
             Slain by Terence (3 damage)
             ... on level 2 of the Dungeon.
             The game lasted 00:00:59 (1138 turns).

reversiblehash the Skirmisher (Demonspawn Fighter)  Turns: 1138, Time: 00:00:59

Health: -1/24      AC:  6    Str: 16    XL:     2   Next: 79%
Magic:  2/2        EV:  8    Int:  9    God:
Gold:   57         SH:  4    Dex: 12    Spells: 1/1 levels left

rFire   . . .      SeeInvis .   a - +0 flail
rCold   . . .      Faith    .   c - +0 buckler
rNeg    . . .      Spirit   .   b - +0 scale mail
rPois   .          Reflect  .   (no helmet)
rElec   .          Harm     .   (no cloak)
rCorr   .          Rampage  .   (no gloves)
Will    .....                   (no boots)
Stlth   ..........              (no amulet)
HPRegen 0.08/turn               (no ring)
MPRegen 0.08/turn               (no ring)

@: no status effects
A: weakness stinger 1
a: no special abilities


You were on level 2 of the Dungeon.
You visited 1 branch of the dungeon, and saw 2 of its levels.

You collected 57 gold pieces.

Inventory:

Hand Weapons
 a - a +0 flail (weapon)
Armour
 b - a +0 scale mail (worn)
 c - a +0 buckler (worn)
Scrolls
 f - a scroll of enchant armour {unknown}
 g - a scroll of immolation {unknown}
Potions
 d - 2 potions of might
 e - 2 potions of brilliance {unknown}


   Skills:
 * Level 3.4 Fighting
 - Level 1.7 Maces & Flails
 * Level 3.1 Armour
 + Level 2.9 Shields


You had one spell level left.
You didn't know any spells.
Your spell library contained the following spells:

 Spells                   Type           Power      Damage    Failure   Level
 Apportation              Tloc           0%         N/A       88%         1
 Alistair's Intoxication  Tmut/Pois      0%         N/A       100%        5


Dungeon Overview and Level Annotations

Branches:
Dungeon (2/15)

Altars:

Annotations:
D:2 1 runed translucent door, Crazy Yiuf, Terence


Innate Abilities, Weirdness & Mutations

You have a small tail.


Message History

Terence hits you with a +0 short sword. You block Terence's attack.
You barely miss Terence.
Terence is moderately wounded.
Terence hits you with a +0 short sword!
You sock Terence!
You tail-slap Terence, but do no damage.
Terence is severely wounded.
Terence barely misses you.
You hit Terence.
Terence is severely wounded.
Terence closely misses you. Terence hits you with a +0 short sword!
You are too injured to fight recklessly!
You are too injured to fight recklessly!
You are too injured to fight recklessly!
You are too injured to fight recklessly!
You are too injured to fight recklessly!
You are too injured to fight recklessly!
You are too injured to fight recklessly!
You are too injured to fight recklessly!
You are too injured to fight recklessly!
You are too injured to fight recklessly!
You are too injured to fight recklessly!
You are too injured to fight recklessly!
You are too injured to fight recklessly!
You are too injured to fight recklessly!
You hit Terence.
Terence is severely wounded.
Terence hits you with a +0 short sword.
* * * LOW HITPOINT WARNING * * *
You closely miss Terence. You tail-slap Terence.
Terence is almost dead.
Terence hits you with a +0 short sword.
* * * LOW HITPOINT WARNING * * *
You hit Terence but do no damage.
Terence is almost dead.
Terence hits you but does no damage. Terence barely misses you.
You barely miss Terence.
Terence is almost dead.
Terence hits you with a +0 short sword.
You die...

#####........#.####
#....#
.......#######.#
#....# ######.###
#.# #....# ##...###
#.# ## ##...#
###)###..# #.# .
##.## #...# #..#
#.# .# ##.#
#.#.###..###.###.#
#.##
#.#............@.#
##.#
#.#..###.#....@#.
#.##
......##.##...##
#+#
##.#......###.##
... #.###.#### #.#
#...# #. .# #.#
#)..# .# #+# #####
.#


You could see Terence.

Vanquished Creatures
  3 endoplasms (D:1)
  A giant cockroach (D:1)
  4 goblins (D:1)
  A hobgoblin (D:1)
  6 ball pythons (D:1)
  3 bats
  2 frilled lizards (D:1)
  2 kobolds (D:1)
  A rat (D:1)
23 creatures vanquished.

Notes
Turn   | Place    | Note
-------+----------+-------------------------------------------
     0 | D:1      | reversiblehash the Demonspawn Fighter began the quest for
                  | the Orb.
     0 | D:1      | Reached XP level 1. HP: 18/18 MP: 1/1
   268 | D:1      | Gained mutation: You have a small tail. [demonic ancestry]
   268 | D:1      | Reached XP level 2. HP: 24/24 MP: 2/2
   888 | D:1      | Found a faded altar of an unknown god.
  1051 | D:2      | Found a runed translucent door.
  1052 | D:2      | Noticed Crazy Yiuf
  1127 | D:2      | Noticed Terence
  1138 | D:2      | Slain by Terence

Illustrated notes

Levels and vault maps discovered:
D:1:      saegor_arrival_under_anarchy, layout_basic,
          shapermc_ecumenical_altar_mp_highgroup, minmay_tetromino_s4
D:2:      layout_loops_corners, uniq_crazy_yiuf_cottage, uniq_terence

Skill      XL: |  1  2 |
---------------+-------+-----
Armour         | 3 |  3.1
Fighting       | |  3.4
Maces & Flails | |  1.7
Shields        | |  2.9

Action                   || total
-------------------------++-------
Melee: Flail             ||    64
       Tailslap          ||     7
Armor: Scale mail        ||    32
Dodge: Dodged            ||    25
Block: Buckler           ||     8
